 Dungeon Crawl Stone Soup version 0.29.0-7-g18a832c13a (webtiles) character file.

Game seed: 8373901761875847018

44321 browni3141 the Unseen (level 13, 0/61 HPs)
             Began as a Felid Abyssal Knight on Sept 1, 2022.
             Was the Champion of Lugonu.
             Slain by an eight-headed hydra (9 damage)
             ... on level 14 of the Dungeon.
             The game lasted 02:13:54 (48259 turns).

browni3141 the Unseen (Felid Abyssal Knight)       Turns: 48259, Time: 02:13:55

Health: 0/61       AC:  7    Str:  9    XL:     13   Next: 95%
Magic:  0/21       EV: 23    Int: 20    God:    Lugonu [******]
Gold:   2177       SH:  0    Dex: 21    Spells: 3/22 levels left
                                        Lives:  0   Deaths: 4

rFire   + . .      SeeInvis +     - Unarmed
rCold   + . .      Faith    .   (shield unavailable)
rNeg    + + .      Spirit   +   (body armour unavailable)
rPois   .          Reflect  .   (helmet unavailable)
rElec   .          Harm     .   (cloak unavailable)
rCorr   .          Rampage  .   (gloves unavailable)
Will    ++...                   (boots unavailable)
Stlth   +++++++...              G - amulet of guardian spirit
HPRegen 0.20/turn               t - ring "Ninlar" {rN++ Will+ AC+4 Int+3}
MPRegen 0.17/turn               O - ring of Ywuematu {Wiz rF+ Int+5}

@: quick
A: very small, claws 1, fangs 3, see invisible, speed 1, shaggy fur 3, stealthy
paws, no weapons or thrown items, no armour, multi-lived
a: Renounce Religion, Depart the Abyss, Bend Space, Banish, Corrupt, Enter the
Abyss


You were on level 14 of the Dungeon.
You worshipped Lugonu.
Lugonu was exalted by your worship.
You visited 3 branches of the dungeon, and saw 21 of its levels.
You visited the Abyss 2 times.

You collected 2417 gold pieces.
You spent 240 gold pieces at shops.


Innate Abilities, Weirdness & Mutations

You have sharp claws.
You have razor-sharp teeth.
You have supernaturally acute eyesight. (SInv)
You cover ground quickly. (Speed+)
Your thick and shaggy fur keeps you warm. (AC +3, rC+)
Your paws help you pounce on unaware monsters.
You are incapable of wielding weapons or throwing items.
You cannot wear armour.
You gain extra lives every three experience levels.


   Skills:
 - Level 10.0 Fighting
 - Level 8.0 Dodging
 - Level 16.0 Stealth
 - Level 14.0 Unarmed Combat
 - Level 5.0 Spellcasting
 - Level 4.0 Conjurations
 - Level 8.0 Hexes
 * Level 14.0 Transmutations
 - Level 1.5 Ice Magic
 * Level 8.9 Invocations


You had 3 spell levels left.
You knew the following spells:

 Your Spells              Type           Power      Damage    Failure   Level
a - Blade Hands           Tmut           28%        N/A       1%          5
o - Dragon Form           Tmut           28%        N/A       12%         7
r - Irradiate             Conj/Tmut      20%        3d18      3%          5
x - Ensorcelled Hibernat  Hex/Ice        48%        N/A       1%          2

Your spell library contained the following spells:

 Spells                   Type           Power      Damage    Failure   Level
 Magic Dart               Conj           84%        1d7       1%          1
 Shock                    Conj/Air       52%        1d6       1%          1
 Sting                    Tmut/Pois      100%       1d8       1%          1
 Spider Form              Tmut/Pois      33%        N/A       1%          3
 Freeze                   Ice            44%        1d6       2%          1
 Static Discharge         Conj/Air       13%        3-5/arc   3%          2
 Call Imp                 Summ           5%         N/A       7%          2
 Poisonous Vapours        Pois/Air       10%        N/A       7%          2
 Frozen Ramparts          Ice            22%        1d4       8%          3
 Mephitic Cloud           Conj/Pois/Air  10%        N/A       9%          3
 Swiftness                Air            5%         N/A       14%         3
 Fulminant Prism          Conj/Hex       14%        3d9       4%          4
 Anguish                  Hex/Necr       10%        N/A       9%          4
 Hailstorm                Conj/Ice       16%        3d6       16%         4
 Silence                  Hex/Air        10%        N/A       24%         5
 Eringya's Noxious Bog    Tmut/Pois      16%        N/A       36%         6
 Airstrike                Air            2%         2d(1-17)  41%         4
 Passage of Golubria      Tloc           5%         N/A       41%         4
 Lightning Bolt           Conj/Air       6%         1d18      45%         5
 Summon Forest            Summ/Tloc      2%         N/A       75%         5
 Summon Hydra             Summ           2%         N/A       100%        7
 Lehudib's Crystal Spear  Conj/Erth      6%         10d3      100%        8
 Maxwell's Capacitive Co  Air            2%         ∞         100%        8

Inventory:

Jewellery
 s - a +6 ring of strength
 t - the ring "Ninlar" (left paw) {rN++ Will+ AC+4 Int+3}
   (You acquired it on level 13 of the Dungeon)

   [ring of protection]

   AC:        It affects your AC (+4).
   Int:       It affects your intelligence (+3).
   rN:        It greatly protects you from negative energy.
   Will:      It increases your willpower.
 C - a ring of protection from cold
 E - a +4 ring of evasion
 G - an amulet of guardian spirit (around neck)
 I - a +6 ring of intelligence
 M - a ring of willpower
 O - the ring of Ywuematu (right paw) {Wiz rF+ Int+5}
   (You found it on level 2 of the Lair of Beasts)

   [ring of wizardry]

   It improves your spell success rate.
   Int:       It affects your intelligence (+5).
   rF:        It protects you from fire.
 R - a ring of resist corrosion
 S - a +6 ring of strength
 W - a ring of magical power
Wands
 v - a wand of polymorph (2)
 A - a wand of flame (19)
 F - a wand of digging (6)
 K - a wand of paralysis (10)
 L - a wand of mindburst (4)
 T - a wand of roots (8)
Scrolls
 c - 3 scrolls of amnesia
 d - 2 scrolls of poison {!r@f3}
 f - 3 scrolls of noise {!r}
 i - 7 scrolls of magic mapping
 j - 2 scrolls of silence {!r}
 l - 4 scrolls of enchant weapon
 m - a scroll of immolation {!r}
 n - 7 scrolls of teleportation {@r4}
 p - 6 scrolls of fog {@r5}
 q - 3 scrolls of brand weapon
 w - 2 scrolls of vulnerability {!r}
 x - 4 scrolls of fear
 y - 2 scrolls of torment {!r}
 N - a scroll of identify {@r1}
Potions
 a - 6 potions of flight
 b - 2 potions of ambrosia
 e - 3 potions of lignification {!q}
 g - 5 potions of mutation {!q}
 h - 8 potions of curing {@q1}
 k - 5 potions of brilliance
 o - 3 potions of magic
 u - a potion of haste {@q3}
 z - 4 potions of berserk rage {!q}
 B - 4 potions of resistance
 H - 3 potions of invisibility
 J - 5 potions of heal wounds {@q2}
 P - 4 potions of attraction {!q}
 Q - a potion of might
Miscellaneous
 D - a phial of floods

Dungeon Overview and Level Annotations

Branches:
Dungeon (14/15)            Temple (0/1) D:7            Lair (5/5) D:9
 Shoals (0/4) Lair:3       Spider (0/4) Lair:2        Slime (0/5) Lair:5
    Orc (2/2) D:10            Elf (0/3) Orc:2        Vaults (0/5) D:14

Altars:
Cheibriados
Dithmenos
Gozag
Makhleb
Qazlal
Trog
Wu Jian
Xom
Jiyva

Shops:
D:8 *   Orc:2 ([**

Annotations:
D:2 exclusion: downstairs
D:5 2 transporters, Tirrikindir's ghost, novice OpFi
D:11 exclusion: ice statue
D:13 Frances
Orc:1 exclusion: downstairs, Fannar; Nergalle
Abyss:1 Maggie; Menkaure; Psyche

.#.#.......#.... # .
...........###........
##........####.......
##.......##........
#...##.#..........#
##...##............
...(..............
.............#..D#
............###z@#
.........##.# #..#
.........# ####..#
.)......######...###
..........##.......##
#...................#
#............##......#
............#####...##
............## #.##


You could see an eight-headed hydra and a skeletal warrior.


Message History

You see here a +0 flail.
Found 17 gold pieces.
You now have 2177 gold pieces (gained 17).
A howler monkey comes into view.
Found a scroll of magic mapping.
You see here a scroll of magic mapping.
i - 7 scrolls of magic mapping (gained 1)
You pounce on the unaware helpless howler monkey!
You eviscerate the howler monkey!!!!!
You kill the howler monkey!
Lugonu accepts your kill.
An eight-headed hydra comes into view.
The eight-headed hydra roars!
The eight-headed hydra looks drowsy...
The skeletal warrior hits you with a +0 scimitar!!
The eight-headed hydra roars!
You claw the eight-headed hydra! You claw the eight-headed hydra.
The eight-headed hydra is moderately wounded.
The eight-headed hydra bites you! The eight-headed hydra misses you.
The eight-headed hydra bites you.
* * * LOW HITPOINT WARNING * * *
The eight-headed hydra completely misses you.
The eight-headed hydra bites you.
* * * LOW HITPOINT WARNING * * *
The eight-headed hydra bites you!
* * * LOW HITPOINT WARNING * * *
The eight-headed hydra bites you!
* * * LOW HITPOINT WARNING * * *
The eight-headed hydra bites you!
You die...

Skill      XL: |  1  2  3  4  5  6  7  8  9 10 11 12 13 |
---------------+----------------------------------------+-----
Stealth        | 2 7 9 16 13 | 16.0
Invocations    | 2 3 4 5 7 8 |  8.9
Dodging        | 4 8 |  8.0
Hexes          | 5 8 |  8.0
Ice Magic      | 1 |  1.5
Spellcasting   | 2 5 4 |  5.0
Unarmed Combat | 6 9 10 12 14 13 | 14.0
Fighting       | 5 9 10 | 10.0
Transmutations | 6 11 14 | 14.0
Conjurations   | 4 |  4.0

Action                   |  1- 3 |  4- 6 |  7- 9 | 10-12 | 13-15 || total
-------------------------+-------+-------+-------+-------+-------++-------
Melee: Unarmed           |   147 |   481 |   419 |   433 |   319 ||  1799
       Bite              |    17 |    68 |    41 |    33 |    40 ||   199
       Punch             |     4 |    11 |     6 |    20 |    42 ||    83
       Tailslap          |       |       |       |       |     2 ||     2
 Cast: Shock             |       |     3 |       |       |       ||     3
       Ensorcelled Hiber |       |       |   160 |   357 |   169 ||   686
       Blade Hands       |       |       |       |     6 |    16 ||    22
       Irradiate         |       |       |       |    10 |    19 ||    29
       Dragon Form       |       |       |       |       |     2 ||     2
Invok: Banish            |       |     8 |    12 |    18 |     3 ||    41
       Depart the Abyss  |       |       |     1 |       |       ||     1
       Bend Space        |       |       |     6 |     1 |     1 ||     8
Evoke: Wand              |       |     5 |     3 |    39 |     3 ||    50
       Phial of floods   |       |       |       |     1 |       ||     1
  Use: Scroll            |     2 |     8 |     5 |    10 |     3 ||    28
       Potion            |     2 |     4 |       |     4 |     6 ||    16
 Stab: Sleeping          |     8 |     9 |    76 |   182 |    77 ||   352
       Distracted        |       |     3 |       |     2 |     2 ||     7
       Paralysed         |       |       |     2 |       |       ||     2
Armor: Skin              |     4 |    14 |    30 |    25 |    28 ||   101
Dodge: Dodged            |   105 |   343 |   476 |   665 |   353 ||  1942

Levels and vault maps discovered:
D:1:      giann_forest_graveyard, layout_basic, chequers_ecumenical_altar_lobes
D:2:      layout_loops_cross, basic_altar, dreamdust_princess_corridor,
          minmay_misc_feat_roman, minmay_pentomino_z4
D:3:      lemuel_castle_with_subvaults [lemuel_castle_interior_carwin_3],
          layout_basic, makhleb_altar_promises_db, minivault_24,
          chequers_serial_rivers_micro_d, minmay_joined_circles
D:4:      layout_cave_pools, amcnicky_altar_gilded, st_stairs_9,
          grunt_decor_arrowhead, lightli_corner_chamber
D:5:      layout_rooms, nicolae_dithmenos_shadow_blocks,
          mainiacjoe_overflow_alcove_4, gammafunk_ghost_mausoleum,
          uniq_crazy_yiuf_cottage, uniq_menkaure, uniq_edmund
D:6:      layout_loops_ring, mainiacjoe_overflow_chevrons, uniq_eustachio
D:7:      layout_cave_pools, slow_altar_1, mainiacjoe_overflow_alcove_2,
          temple_fountains, nicolae_figureground_pulse
D:8:      layout_cave_pools, minmay_shop_damaged, uniq_maggie, uniq_psyche
D:9:      layout_cave_pods, trog_three_pillars_becter,
          due_lair_maze_entry_diamond, uniq_pikel
D:10:     hangedman_cross_veins, layout_loops_ring, orc_0_dummy,
          introduction_to_nature_2
D:11:     layout_roguey, minivault_16
D:12:     layout_small_grid
D:13:     layout_stronghold, kennysheep_doodads, uniq_frances, uniq_sonja
D:14:     layout_cave_pools, david_vaults_2, nzn_wu_jian_contemplation,
          hangedman_cracks_in_the_wall
Lair:1:   layout_gridlike, eino_small_chamber_without_monster, disabler_island,
          serial_bayou_shore_a
Lair:2:   layout_misc_corridors, nicolae_spider_entry_non_spiders,
          infiniplex_staircase_pool, grunt_megastairs_2
Lair:3:   layout_regular_city, minmay_shoals_entry_centaurs
Lair:4:   layout_cave_pods, kennysheep_rathole, grunt_megastairs_1
Lair:5:   minmay_lair_end_enchanted_forest, layout_gridlike,
          minmay_slime_entry_jelly_boxes
Orc:1:    layout_caves, uniq_fannar, uniq_nergalle
Orc:2:    st_orc_open, layout_diamond_mine, lightli_volcano_entry_magma_tube

Notes
Turn   | Place    | Note
-------+----------+-------------------------------------------
     0 | Abyss:1  | browni3141 the Felid Abyssal Knight began the quest for the
                  | Orb.
     0 | Abyss:1  | Reached XP level 1. HP: 10/10 MP: 3/3
     1 | D:1      | You pass through the gate.
     1 | D:1      | Escaped the Abyss
   436 | D:1      | Reached XP level 2. HP: 10/14 MP: 4/4
  1038 | D:1      | Reached skill level 1 in Stealth
  1371 | D:1      | Found a faded altar of an unknown god.
  1609 | D:1      | Reached skill level 2 in Stealth
  2365 | D:2      | Reached skill level 2 in Invocations
  2365 | D:2      | Reached XP level 3. HP: 7/18 MP: 5/5
  2651 | D:2      | Found a shimmering altar of Xom.
  3213 | D:2      | Identified the +12 spear "Hellblazer" {vorpal, rF+}
  3545 | D:2      | Reached *** piety under Lugonu
  3563 | D:2      | Reached skill level 3 in Invocations
  3563 | D:2      | Reached XP level 4. HP: 14/22 MP: 7/7
  5490 | D:2      | HP: 2/22 [orc/+0 dagger (5)]
  5875 | D:3      | Reached skill level 4 in Invocations
  6672 | D:3      | HP: 2/22 [poisoned by an adder]
  6981 | D:3      | Reached XP level 5. HP: 25/25 MP: 9/9
  7402 | D:3      | Reached **** piety under Lugonu
  8133 | D:3      | Reached skill level 5 in Invocations
  9262 | D:3      | HP: 2/25 [orc priest/divine providence (16)]
  9267 | D:3      | Gained mutation: You are covered in thick fur. (AC +2)
                  | [Felid growth]
  9267 | D:3      | Reached XP level 6. HP: 2/28 MP: 6/11
 10198 | D:3      | Reached skill level 6 in Invocations
 10748 | D:1      | Learned a level 1 spell: Shock
 10751 | D:1      | Learned a level 2 spell: Ensorcelled Hibernation
 10979 | D:3      | Found a burning altar of Makhleb.
 10979 | D:3      | Noticed a blizzard demon
 12347 | D:3      | Reached skill level 7 in Invocations
 12347 | D:3      | Reached XP level 7. HP: 30/31 MP: 13/13
 12410 | D:3      | You are cast into the Abyss!
 12410 | Abyss:1  | Cast into level 1 of the Abyss (orc)
 12411 | D:3      | You pass through the gate.
 12411 | D:3      | Escaped the Abyss
 12412 | D:3      | HP: 1/31 [orc/+0 hand axe of distortion (20)]
 13206 | D:4      | Reached skill level 4 in Dodging
 13348 | D:4      | Found a stormy altar of Qazlal.
 13630 | D:4      | Reached skill level 1 in Hexes
 13728 | D:4      | Reached skill level 2 in Hexes
 13755 | D:3      | Reached skill level 3 in Hexes
 13921 | D:4      | Reached skill level 4 in Hexes
 14109 | D:4      | Reached skill level 1 in Ice Magic
 14690 | D:5      | Entered Level 5 of the Dungeon
 14693 | D:5      | Noticed Edmund
 15221 | D:4      | Reached skill level 5 in Hexes
 16104 | D:5      | Found a shadowy altar of Dithmenos.
 16165 | D:6      | Reached skill level 1 in Spellcasting
 16429 | D:6      | Identified the +1 robe of Larghaol {Str+3}
 16636 | D:6      | Reached skill level 2 in Spellcasting
 16782 | D:6      | Reached XP level 8. HP: 36/36 MP: 6/14
 16871 | D:6      | Found an ornate altar of the Wu Jian Council.
 16882 | D:6      | Reached skill level 3 in Stealth
 16907 | D:6      | Reached skill level 4 in Stealth
 16907 | D:6      | Reached skill level 3 in Unarmed Combat
 17011 | D:6      | Noticed Eustachio
 17047 | D:6      | Killed Eustachio
 17048 | D:6      | Reached skill level 5 in Stealth
 17365 | D:6      | Reached skill level 6 in Stealth
 17703 | D:6      | Reached skill level 7 in Stealth
 17990 | D:6      | Reached skill level 4 in Unarmed Combat
 18182 | D:5      | You fall into a shaft and drop 1 floor!
 18206 | D:5      | Killed Edmund
 18207 | D:5      | Reached skill level 4 in Fighting
 18297 | D:5      | Noticed Menkaure
 18367 | D:5      | Reached skill level 5 in Fighting
 18963 | D:5      | Found a transporter.
 18966 | D:5      | Noticed Tirrikindir's ghost (novice OpFi)
 18969 | D:5      | Found a transporter.
 19256 | D:7      | Found a snail-covered altar of Cheibriados.
 19322 | D:7      | Found an opulent altar of Gozag.
 19419 | D:7      | Found a staircase to the Ecumenical Temple.
 19508 | D:7      | Reached XP level 9. HP: 40/40 MP: 15/15
 19954 | D:5      | Banished Menkaure
 19955 | D:5      | Reached skill level 8 in Stealth
 19955 | D:5      | Reached skill level 5 in Unarmed Combat
 20139 | D:8      | Noticed a two-headed ogre
 20174 | D:8      | Got the Incunable of the Supportive Oath
 20240 | D:7      | Reached skill level 9 in Stealth
 20434 | D:7      | Reached skill level 5 in Dodging
 20579 | D:7      | Reached skill level 6 in Dodging
 20950 | D:8      | Found Xaqe's Lightly-Used Armoury.
 21074 | D:8      | Noticed Psyche
 21078 | D:7      | Reached skill level 7 in Dodging
 21142 | D:8      | Banished Psyche
 21143 | D:8      | Reached skill level 8 in Dodging
 21192 | D:8      | Noticed Maggie
 21196 | D:8      | Banished Maggie
 21197 | D:8      | Reached skill level 8 in Invocations
 21268 | D:8      | HP: 2/40 [wyvern (14)]
 21270 | D:8      | Mangled by a wyvern
 21271 | D:8      | Reached XP level 8. HP: -12/37 MP: 1/15
 21347 | D:8      | Noticed a two-headed ogre
 21364 | D:8      | Reached skill level 6 in Unarmed Combat
 21364 | D:8      | Reached XP level 9. HP: 40/40 MP: 5/16
 21623 | D:9      | Reached skill level 7 in Unarmed Combat
 21858 | D:9      | Found a staircase to the Lair.
 21936 | D:9      | Reached skill level 8 in Unarmed Combat
 22053 | D:9      | Found a bloodstained altar of Trog.
 22302 | D:9      | Noticed Pikel
 22511 | D:8      | Reached skill level 9 in Unarmed Combat
 22511 | D:8      | Reached XP level 10. HP: 44/44 MP: 12/17
 22657 | D:8      | Noticed a shining eye
 22657 | D:8      | a two-headed ogre changed into a shining eye
 22662 | D:8      | Killed a shining eye
 22663 | D:8      | Reached skill level 10 in Unarmed Combat
 22904 | D:8      | Killed a two-headed ogre
 22905 | D:8      | Reached skill level 7 in Hexes
 23324 | D:9      | Reached skill level 8 in Hexes
 24090 | D:9      | Killed Pikel
 24091 | D:9      | Reached skill level 10 in Stealth
 24586 | D:10     | Entered Level 10 of the Dungeon
 24746 | D:10     | Reached skill level 11 in Stealth
 25185 | D:10     | Reached XP level 11. HP: 47/47 MP: 9/18
 25252 | D:10     | Reached skill level 12 in Stealth
 25513 | D:10     | Noticed a six-headed hydra
 25529 | D:10     | Killed a six-headed hydra
 25530 | D:10     | Reached skill level 13 in Stealth
 25804 | D:10     | HP: 4/47 [manticore (9)]
 25804 | D:10     | Mangled by a manticore
 25805 | D:10     | Reached XP level 10. HP: -7/44 MP: 0/17
 25806 | D:10     | Killed a manticore
 25807 | D:10     | Reached skill level 14 in Stealth
 25967 | D:10     | Found a staircase to the Orcish Mines.
 26083 | D:10     | Noticed a purple ugly thing
 26086 | D:10     | Noticed a green ugly thing
 26089 | D:10     | Killed a purple ugly thing
 26092 | D:10     | Killed a green ugly thing
 26093 | D:10     | Reached skill level 15 in Stealth
 27104 | D:11     | Reached skill level 16 in Stealth
 27132 | D:11     | Reached XP level 11. HP: 35/47 MP: 11/18
 27263 | D:11     | Noticed a four-headed hydra
 27269 | D:11     | Killed a four-headed hydra
 27734 | D:11     | Identified the +8 spear of Acoekhat {venom, rCorr}
 27741 | D:11     | Noticed a two-headed ogre
 27774 | D:11     | Killed a two-headed ogre
 28116 | D:12     | Noticed a boulder beetle
 28188 | D:12     | Reached skill level 11 in Unarmed Combat
 28202 | D:12     | Noticed a cyan ugly thing
 28222 | D:12     | Killed a cyan ugly thing
 28477 | Lair:1   | Entered Level 1 of the Lair of Beasts
 28490 | Lair:1   | Learned a level 5 spell: Blade Hands
 28561 | Lair:1   | Reached skill level 1 in Transmutations
 28952 | Lair:1   | Reached skill level 2 in Transmutations
 29109 | Lair:1   | Reached skill level 3 in Transmutations
 29384 | Lair:1   | Reached skill level 4 in Transmutations
 29628 | Lair:1   | Reached skill level 12 in Unarmed Combat
 29668 | Lair:1   | Reached skill level 5 in Transmutations
 30038 | Lair:1   | Identified the +1 robe "Uneott" {Slay+3}
 30144 | Lair:2   | Reached skill level 6 in Transmutations
 30389 | Lair:2   | Gained mutation: Your thick and shaggy fur keeps you warm.
                  | (AC +3, rC+) [Felid growth]
 30389 | Lair:2   | Reached XP level 12. HP: 49/51 MP: 15/19
 30398 | Lair:2   | Reached skill level 6 in Fighting
 30916 | Lair:2   | Identified the ring of Ywuematu {Wiz rF+ Int+5}
 31240 | Lair:2   | Found a hole to the Spider Nest.
 31245 | Lair:2   | Reached skill level 7 in Fighting
 32040 | Lair:3   | Found a staircase to the Shoals.
 32062 | Lair:3   | Reached skill level 7 in Transmutations
 32385 | Lair:3   | Reached ***** piety under Lugonu
 32516 | Lair:3   | Noticed a five-headed hydra
 32529 | Lair:3   | Killed a five-headed hydra
 32530 | Lair:3   | Reached skill level 8 in Fighting
 32626 | Lair:3   | Noticed a seven-headed hydra
 32898 | Lair:3   | Killed a seven-headed hydra
 32949 | Lair:3   | Identified the +0 scale mail "Xeitot" {Will+ Dex+3 Slay-2}
 33266 | Lair:4   | Reached skill level 8 in Transmutations
 34661 | Lair:5   | Entered Level 5 of the Lair of Beasts
 34852 | Lair:4   | Reached skill level 9 in Fighting
 35026 | Lair:5   | Reached skill level 9 in Transmutations
 35033 | Lair:5   | Reached XP level 13. HP: 60/60 MP: 4/20
 35326 | Lair:5   | Found a staircase to the Slime Pits.
 35326 | Lair:5   | Found a viscous altar of Jiyva.
 35498 | Lair:5   | Identified a +0 robe of resistance
 36087 | Lair:5   | Got the Atlas of Venom
 36105 | Lair:5   | Reached skill level 10 in Fighting
 36105 | Lair:5   | Reached skill level 3 in Spellcasting
 36105 | Lair:5   | Reached skill level 10 in Transmutations
 36146 | Lair:5   | Reached skill level 4 in Spellcasting
 37358 | Lair:5   | Reached skill level 13 in Unarmed Combat
 37571 | Lair:5   | Identified the +4 quarterstaff "Fossaytt" {freeze, rCorr}
 37827 | Lair:5   | HP: 2/61 [spriggan rider/+2 spear of venom (22)]
 37828 | Lair:5   | Slain by a spriggan rider
 37829 | Lair:5   | Reached XP level 12. HP: -4/58 MP: 0/19
 37845 | Lair:5   | Slain by a komodo dragon
 37846 | Lair:5   | Reached XP level 11. HP: -3/54 MP: 0/18
 37900 | Lair:5   | Noticed a six-headed hydra
 38222 | Lair:5   | Noticed an alligator
 38870 | D:11     | Reached XP level 12. HP: 44/58 MP: 1/19
 38988 | D:11     | Learned a level 5 spell: Irradiate
 39199 | D:12     | Reached ****** piety under Lugonu
 39971 | D:12     | Killed a boulder beetle
 39972 | D:12     | Reached skill level 1 in Conjurations
 39988 | D:13     | Noticed a two-headed ogre
 39996 | D:13     | Killed a two-headed ogre
 40227 | D:13     | Reached skill level 14 in Unarmed Combat
 40369 | D:13     | Noticed Sonja
 40371 | D:13     | Reached skill level 2 in Conjurations
 40518 | D:13     | Noticed a two-headed ogre
 40554 | D:13     | Killed a two-headed ogre
 40577 | D:13     | Noticed Frances
 40716 | D:13     | Identified a scroll of acquirement
 40720 | D:13     | Acquired the ring "Ninlar" {rN++ Will+ AC+4 Int+3}
 40747 | D:13     | Noticed a two-headed ogre
 40769 | D:13     | Killed a two-headed ogre
 40798 | D:13     | Noticed a boulder beetle
 40802 | D:13     | Banished a boulder beetle
 41021 | D:13     | Reached skill level 5 in Spellcasting
 41531 | D:13     | Killed Sonja
 41552 | D:13     | Learned a level 7 spell: Dragon Form
 41572 | D:14     | Found an ornate altar of the Wu Jian Council.
 41616 | D:14     | Reached skill level 3 in Conjurations
 41899 | Orc:1    | Entered Level 1 of the Orcish Mines
 42218 | Orc:2    | Entered Level 2 of the Orcish Mines
 42222 | Orc:2    | Noticed an orc high priest
 42681 | Orc:2    | Banished an orc high priest
 42875 | Orc:2    | Reached skill level 11 in Transmutations
 43185 | Orc:2    | Found Kooco Juohegg's Assorted Antiques.
 43186 | Orc:2    | Noticed a two-headed ogre
 43187 | Orc:2    | Noticed an ogre mage
 43224 | Orc:2    | Killed a two-headed ogre
 43225 | Orc:2    | Reached skill level 4 in Conjurations
 43225 | Orc:2    | Reached XP level 13. HP: 48/61 MP: 1/21
 43518 | Orc:1    | Noticed Fannar
 43518 | Orc:1    | Noticed Nergalle
 43775 | Orc:2    | Reached skill level 12 in Transmutations
 44034 | Orc:2    | Noticed a stone giant
 44379 | Orc:2    | Banished a stone giant
 44476 | Orc:2    | Found Maskoh's Assorted Antiques.
 44478 | Orc:2    | Found Qickaw's Armour Shop.
 44661 | Orc:2    | Reached skill level 13 in Transmutations
 45068 | Orc:2    | Found Zilo's Weapon Shoppe.
 45087 | Orc:2    | Bought a potion of might for 120 gold pieces
 45087 | Orc:2    | Bought a potion of might for 120 gold pieces
 45127 | Orc:2    | Found a staircase to the Elven Halls.
 46287 | D:14     | Reached skill level 14 in Transmutations
 46945 | D:14     | Found a gate to the Vaults.
 48259 | D:14     | Slain by an eight-headed hydra

Vanquished Creatures
  A yaktaur captain (D:14)
  3 boulder beetles
  4 hydras
  2 ogre magi (Orc:2)
  13 two-headed ogres
  3 death yaks (Lair:4)
  Sonja (D:13)
  4 skeletal warriors
  2 deep trolls (Orc:2)
  A lindwurm (Lair:5)
  An orc knight (Orc:1)
  2 deep elf pyromancers (D:13)
  A shining eye (D:8)
  Pikel (D:9)
  8 ugly things
  4 cyclopes
  4 manticores
  19 elephants
  8 cane toads
  An unseen horror (D:13)
  2 rime drakes
  7 komodo dragons
  A kobold demonologist (D:11)
  2 yaktaurs (D:14)
  A demonic crawler (Lair:2)
  A tengu conjurer (D:10)
  3 polar bears
  11 blink frogs
  2 hornets (Lair:5)
  10 trolls
  A dream sheep (Lair:5)
  5 slime creatures
  3 shadows
  5 wyverns
  8 spriggans
  42 yaks
  A wraith (D:14)
  Eustachio (D:6)
  4 basilisks
  9 vampire mosquitoes
  A steam dragon (D:8)
  Edmund (D:5)
  20 water moccasins
  An acid dragon (D:10)
  8 black bears
  2 boggarts (Lair:5)
  19 ogres
  14 orc warriors
  32 wolves
  4 centaurs
  4 lemures
  3 kobold brigands
  2 gnoll sergeants
  7 scorpions
  12 bullfrogs
  A necrophage (D:6)
  3 wights (D:9)
  10 killer bees
  13 howler monkeys
  4 electric eels (Lair:1)
  A gnoll bouda (Orc:2)
  5 hounds
  11 jellies
  7 orc priests
  3 iguanas
  15 orc wizards
  2 hell rats (Lair:4)
  29 gnolls
  11 adders
  6 river rats (Lair:4)
  3 shadow imps
  3 white imps
  5 worms
  5 dart slugs
  76 orcs
  19 ball pythons
  12 bats
  6 endoplasms
  8 giant cockroaches
  8 goblins
  7 hobgoblins
  12 jackals (D:3)
  3 quokkas (D:1)
  3 frilled lizards
  32 kobolds
  9 rats
664 creatures vanquished.

Vanquished Creatures (collateral kills)
  A komodo dragon (Lair:5)
  A dream sheep (Lair:5)
  2 spriggans (Lair:5)
  A black bear (Lair:5)
  A boggart (Lair:5)
6 creatures vanquished.

Vanquished Creatures (others)
  An orc wizard (D:9)
  74 fungi
  100 plants
175 creatures vanquished.

Grand Total: 845 creatures vanquished

Table legend: (Time is in decaauts)
 A = Elapsed time spent in this place.
 B = Non-inter-level travel time spent in this place.
 C = Inter-level travel time spent in this place.
 D = Time resting spent in this place.
 E = Time spent auto-exploring this place.
 F = Levels seen in this place.
 G = Mean time per level.
                   A        B        C        D        E       F      G
               +--------+--------+--------+--------+--------+-----+--------+
         Total |  44052 |  42098 |   1954 |  11652 |  20850 |  23 | 1915.3 |
       Dungeon |  31497 |  29886 |   1611 |   9131 |  14021 |  14 | 2249.8 |
          Lair |   9224 |   8930 |    294 |   1706 |   5248 |   5 | 1844.8 |
  Orcish Mines |   3329 |   3280 |     49 |    813 |   1581 |   2 | 1664.5 |
         Abyss |      1 |      1 |      0 |      0 |      0 |   2 |    0.5 |
               +--------+--------+--------+--------+--------+-----+--------+

Top non-repeatable levels by time:
     D:3: 5363 daAuts
     D:2: 4290 daAuts
     D:1: 3264 daAuts
  Lair:4: 3178 daAuts
    D:13: 2664 daAuts
   Orc:2: 2541 daAuts
    D:10: 2435 daAuts
     D:6: 2244 daAuts
     D:9: 2010 daAuts
     D:4: 1942 daAuts
  Lair:1: 1818 daAuts
  Lair:5: 1778 daAuts
     D:8: 1375 daAuts
    D:12: 1345 daAuts
     D:7: 1326 daAuts

Table legend:
 A = Non-vault XP
 B = Vault XP
 C = Vault XP percentage of total XP
 D = Non-vault monster count
 E = Vault monster count
 F = Vault count percentage of total count
                 A         B        C        D         E       F
            +---------+---------+-------+---------+---------+-------
      Total |   74263 |   36841 |  33.2 |     461 |     236 |  33.9
            +---------+---------+-------+---------+---------+-------
        D:1 |      39 |       0 |   0.0 |      24 |       0 |   0.0
        D:2 |      85 |      66 |  43.7 |      22 |       9 |  29.0
        D:3 |     153 |     473 |  75.6 |      27 |      58 |  68.2
        D:4 |     338 |      59 |  14.9 |      21 |       3 |  12.5
        D:5 |     172 |     334 |  66.0 |       8 |       2 |  20.0
        D:6 |     901 |     196 |  17.9 |      23 |       1 |   4.2
        D:7 |    1013 |       5 |   0.5 |      14 |       1 |   6.7
        D:8 |    3387 |     826 |  19.6 |      29 |       2 |   6.5
        D:9 |    2664 |    1595 |  37.5 |      34 |      10 |  22.7
       D:10 |    1776 |    5979 |  77.1 |      18 |      34 |  65.4
       D:11 |    4243 |       0 |   0.0 |      20 |       0 |   0.0
       D:12 |    4513 |       0 |   0.0 |      12 |       0 |   0.0
       D:13 |   10213 |     769 |   7.0 |      16 |       1 |   5.9
       D:14 |    5732 |    1611 |  21.9 |      11 |       3 |  21.4
     Lair:1 |    6671 |     357 |   5.1 |      30 |       4 |  11.8
     Lair:2 |    3209 |    1064 |  24.9 |      15 |      10 |  40.0
     Lair:3 |    5924 |     220 |   3.6 |      21 |       2 |   8.7
     Lair:4 |    7288 |    1289 |  15.0 |      23 |      15 |  39.5
     Lair:5 |   11935 |    6458 |  35.1 |      35 |      44 |  55.7
      Orc:1 |    1249 |       0 |   0.0 |      11 |       0 |   0.0
      Orc:2 |    2758 |   15540 |  84.9 |      47 |      37 |  44.0
            +---------+---------+-------+---------+---------+-------
